 Dungeon Crawl Stone Soup version 0.30.1-11-g7821555f0a (webtiles) character file.

Game seed: 2236237102645634147

3712 pkoi the Frost Mage (level 9, -3/63 HPs)
             Began as a Pale Draconian Ice Elementalist on Nov 20, 2023.
             Was a Believer of Hepliaklqana.
             Slain by a yak (8 damage)
             ... on level 7 of the Dungeon.
             The game lasted 00:13:28 (7978 turns).

pkoi the Frost Mage (DrIE)                          Turns: 7978, Time: 00:13:29

Health: -3/63      AC: 10    Str: 15    XL:     9   Next: 91%
Magic:  12/12      EV: 12    Int: 19    God:    Hepliaklqana [**....]
Gold:   354        SH:  0    Dex: 10    Spells: 8/15 levels left

rFire   . . .        o - +13 scythe of Curses {drain, curses, Drain}
rCold   . . .        (shield currently unavailable)
rNeg    . . .        (body armour unavailable)
rPois   .            (helmet restricted)
rElec   .            e - +1 cloak
rCorr   .            p - +0 pair of gloves
SInv    .            (no boots)
Will    +....        (no amulet)
Stlth   ++           h - ring of willpower
HPRegen 0.30/turn    (no ring)
MPRegen 0.13/turn

%: random rage (3%)
@: no status effects
A: reduced essence, breathe steam, AC +7, unfitting armour, cold-blooded, steam
resistance, berserk 1, low MP 1, strong 1
a: Breathe Steam, Renounce Religion, Recall Ancestor, Ancestor Identity


You were on level 7 of the Dungeon.
You worshipped Hepliaklqana.
Hepliaklqana was pleased with you.
You visited 2 branches of the dungeon, and saw 9 of its levels.

You collected 354 gold pieces.

Inventory:

Hand Weapons
 b - a +0 dagger
 c - a +2 dagger of draining
 k - a +2 dagger of venom
 m - a +2 sling of draining
 o - the +13 scythe of Curses (weapon) {drain, curses, Drain}
   (You acquired it on level 5 of the Dungeon)

   Drain:     It drains your maximum health when unequipped.
Missiles
 r - a throwing net
Armour
 e - a +1 cloak (worn)
 p - a +0 pair of gloves (worn)
Magical Staves
 d - a staff of fire
Jewellery
 h - a ring of willpower (left hand)
Scrolls
 i - a scroll of identify
 n - 3 scrolls of teleportation
 q - a scroll of brand weapon
Potions
 a - 3 potions of magic
 f - a potion of haste {unknown}
 g - a potion of brilliance
 j - a potion of might
 l - 2 potions of resistance
 s - a potion of lignification {unknown}
 t - a potion of ambrosia {unknown}


   Skills:
 + Level 3.4 Fighting
 + Level 3.1 Polearms
 + Level 3.4 Dodging
 - Level 1.7 Stealth
 + Level 3.6 Spellcasting
 + Level 13.1 Ice Magic


You had 8 spell levels left.
You knew the following spells:

 Your Spells              Type           Power      Damage    Failure   Level
a - Freeze                Ice            100%       1d10      1%          1
b - Frozen Ramparts       Ice            100%       1d16      1%          3
c - Ozocubu's Armour      Ice            52%        N/A       1%          3

Your spell library contained the following spells:

 Spells                   Type           Power      Damage    Failure   Level
 Summon Ice Beast         Ice/Summ       28%        N/A       10%         4
 Kiss of Death            Conj/Necr      12%        2d6       14%         1
 Slow                     Hex            12%        N/A       14%         1
 Call Canine Familiar     Summ           3%         N/A       41%         3
 Confusing Touch          Hex            3%         N/A       41%         3
 Portal Projectile        Hex/Tloc       6%         N/A       41%         3
 Vampiric Draining        Necr           3%         2d6       41%         3
 Dispel Undead            Necr           3%         3d7       82%         4
 Leda's Liquefaction      Hex/Erth       1%         N/A       82%         4
 Manifold Assault         Tloc           3%         N/A       82%         4
 Dispersal                Tloc           1%         N/A       100%        6
 Disjunction              Tloc           1%         N/A       100%        8


Dungeon Overview and Level Annotations

Branches:
Dungeon (8/15)             Temple (1/1) D:4
   Lair: D:8-11

Altars:
Ashenzari
Cheibriados
Dithmenos
Fedhas
Gozag
Hepliaklqana
Makhleb
Nemelex Xobeh
Okawaru
Qazlal
Ru
Sif Muna
Trog
Uskayaw
Wu Jian
Xom
Yredelemnul
The Shining One

Shops:
D:1 [   D:2 (

Annotations:
D:3 1 runed translucent door


Innate Abilities, Weirdness & Mutations

Your life essence is reduced to manifest your ancestor. (-10% HP)
You can breathe blasts of scalding, opaque steam.
Your pale cyan-grey scales are hard. (AC +7)
You cannot fit into any form of body armour.
You are cold-blooded and may be slowed by cold attacks.
You are immune to the effects of steam.
You sometimes lose your temper in combat.
Your magical capacity is low. (-10% MP)
Your muscles are strong. (Str +4, Int/Dex -1)


Message History

The yak is heavily wounded.
The yak completely misses you. The yak barely misses you. x3
The yak gores you but does no damage. x2
Unknown command.
You puncture the yak! You drain the yak.
The yak is almost dead.
Izel hits the yak with a +0 flail!
The yak dies!
The yak gores you but does no damage. The yak closely misses you.
Your Polearms skill increases to level 3!
Unknown command.
You hit the yak.
The yak is lightly wounded.
The yak gores you. x2; Izel closely misses the yak.
The yak gores you. x2
Unknown command.
You hit the yak.
The yak is lightly wounded.
The yak barely misses you. The yak closely misses you.
Izel barely misses the yak.
The yak misses you. The yak gores you but does no damage.
Unknown command.
You barely miss the yak.
The yak is lightly wounded.
Izel closely misses the yak.
The yak gores you but does no damage. The yak closely misses you.
The yak gores you. The yak gores you but does no damage.
Izel hits the yak with a +0 flail.
Unknown command.
You impale the yak!!
You kill the yak!
The yak gores you!
* * * LOW HITPOINT WARNING * * *
The yak gores you!
* * * LOW HITPOINT WARNING * * *
Unknown command.
You slash the yak!
The yak convulses with pain!
The yak is severely wounded.
Izel hits the yak with a +0 flail.
The yak gores you!
* * * LOW HITPOINT WARNING * * *
The yak gores you!
You die...

.####....#...####.##.............
#........#...######....#######+##
'........#........#....#.........
#........#........#....#.........
#........###+##'###....#.###.##.#
##.....####...........##.###.##.#
#.....#..#......<....#..........
#.....'..#....†.Y....#..........
#.....#..'.....@R....+..........
##.....####...........#'###..####
.............#######.....##..#...
.............# #.....#...#...
.............# #.....'...'...
.............# ###.....#####...
##'#......#### #....#'####.##..
...#......# #....#...#...#..
...#......# #....#...#...#..


You could see the friendly Izel the knight and a yak (ally target).

Vanquished Creatures
  Pikel (D:6)
  Grinder (D:4)
  Sigmund (D:4)
  5 yaks
  2 steam dragons
  Menkaure (D:4)
  Duvessa (D:4)
  2 ice beasts (D:6)
  2 bullfrogs
  2 scorpions
  Dowan (D:4)
  2 jellies
  2 hounds
  2 orc priests
  Crazy Yiuf (D:4)
  A gnoll bouda (D:7)
  2 sleepcaps
  An iguana (D:4)
  An orc wizard (D:6)
  Robin (D:2)
  8 adders
  2 gnolls (D:7)
  A shadow imp (D:6)
  2 ufetubi
  2 dart slugs
  3 worms
  9 orcs
  5 bats
  10 endoplasms
  2 giant cockroaches (D:1)
  17 goblins
  13 hobgoblins
  5 jackals
  6 kobolds
  4 quokkas
  6 ball pythons
  A frilled lizard (D:3)
  A jackal skeleton (D:3)
  A kobold zombie (D:3)
  7 rats
137 creatures vanquished.

Vanquished Creatures (collateral kills)
  An unseen horror (D:7)
  A hornet (D:8)
  A yak (D:7)
  2 gnolls (D:7)
  An adder (D:6)
  A white imp (D:7)
  2 orcs
9 creatures vanquished.

Vanquished Creatures (others)
  A knight (D:8)
1 creature vanquished.

Grand Total: 147 creatures vanquished

Notes
Turn   | Place    | Note
-------+----------+-------------------------------------------
     0 | D:1      | pkoi the Draconian Ice Elementalist began the quest for the
                  | Orb.
     0 | D:1      | Reached XP level 1. HP: 14/14 MP: 3/3
   324 | D:1      | Reached XP level 2. HP: 20/20 MP: 3/5
   951 | D:1      | Reached skill level 5 in Ice Magic
   992 | D:1      | Reached XP level 3. HP: 26/26 MP: 2/6
  1005 | D:1      | Gained mutation: Your magical capacity is low. (-10% MP)
                  | [potion of mutation]
  1005 | D:1      | Gained mutation: You sometimes lose your temper in combat.
                  | [potion of mutation]
  1005 | D:1      | Gained mutation: Your muscles are strong. (Str +4, Int/Dex
                  | -1) [potion of mutation]
  1046 | D:1      | Found a faded altar of an unknown god.
  1092 | D:1      | Found Tisaepus's Antique Armour Shop.
  1292 | D:2      | Identified the +2 helmet "Ida Kaj" {rElec rCorr MP+9 Dex-2}
  1405 | D:2      | Noticed Robin
  1440 | D:2      | Killed Robin
  1480 | D:2      | Found Viben's Weapon Boutique.
  1616 | D:2      | Reached XP level 4. HP: 33/33 MP: 3/6
  1781 | D:2      | Reached skill level 6 in Ice Magic
  2465 | D:3      | Reached XP level 5. HP: 38/38 MP: 5/7
  2588 | D:3      | Found a runed translucent door.
  2588 | D:3      | Noticed a human
  2591 | D:3      | Found a basalt altar of Yredelemnul.
  2991 | D:3      | You fall into a shaft and drop 3 floors!
  3000 | D:6      | Learned a level 3 spell: Frozen Ramparts
  3004 | D:6      | Learned a level 3 spell: Ozocubu's Armour
  3031 | D:6      | Reached skill level 7 in Ice Magic
  3041 | D:5      | Entered Level 5 of the Dungeon
  3041 | D:5      | Found a hazy altar of Hepliaklqana.
  3053 | D:5      | Reached XP level 6. HP: 41/45 MP: 3/8
  3095 | D:5      | Became a worshipper of Hepliaklqana the Forgotten
  3159 | D:4      | Noticed Grinder
  3165 | D:4      | Paralysed by Grinder for 3 turns
  3179 | D:4      | Killed Grinder
  3180 | D:4      | Reached skill level 8 in Ice Magic
  3302 | D:4      | Found a sacrificial altar of Ru.
  3481 | D:4      | Noticed Menkaure
  3707 | D:4      | Noticed Sigmund
  3812 | D:4      | Your scales start taking on a pale cyan-grey colour.
  3812 | D:4      | Reached XP level 7. HP: 50/50 MP: 5/9
  3812 | D:4      | Gained mutation: You are immune to the effects of steam.
                  | [Pale Draconian growth]
  4013 | D:4      | Found a staircase to the Ecumenical Temple.
  4022 | Temple   | Entered the Ecumenical Temple
  4307 | D:4      | Found a runed translucent door.
  4309 | D:4      | Noticed Crazy Yiuf
  4313 | D:4      | Killed Sigmund
  4314 | D:4      | Reached skill level 9 in Ice Magic
  4564 | D:4      | Noticed a steam dragon
  4577 | D:4      | Killed a steam dragon
  4798 | D:4      | Noticed Duvessa
  4798 | D:4      | Noticed Dowan
  4807 | D:4      | Killed Duvessa
  4808 | D:4      | Reached skill level 10 in Ice Magic
  4808 | D:4      | Reached XP level 8. HP: 52/57 MP: 6/9
  4809 | D:4      | Killed Dowan
  5047 | D:4      | Killed Menkaure
  5332 | D:4      | Killed Crazy Yiuf
  5441 | D:5      | Reached * piety under Hepliaklqana
  5566 | D:5      | Identified a scroll of acquirement
  5566 | D:5      | Acquired the +13 scythe of Curses {drain, curses, Drain}
  5566 | D:5      | Found the +13 scythe of Curses {drain, curses, Drain}
  5946 | D:6      | Noticed Pikel
  5951 | D:6      | Killed Pikel
  5952 | D:6      | Reached skill level 11 in Ice Magic
  6110 | D:6      | Reached skill level 12 in Ice Magic
  6157 | D:6      | Noticed a +0 hand axe
  6157 | D:6      | Noticed a +3 hand axe
  6159 | D:6      | Found a hide-covered altar of Uskayaw.
  6239 | D:6      | Found a snail-covered altar of Cheibriados.
  6332 | D:6      | Reached XP level 9. HP: 55/55 MP: 10/10
  6567 | D:7      | Reached ** piety under Hepliaklqana
  6568 | D:7      | Remembered your ancestor Izel as a knight
  7514 | D:7      | Killed an unseen horror
  7515 | D:7      | Reached skill level 1 in Fighting
  7515 | D:7      | Reached skill level 1 in Polearms
  7878 | D:7      | Reached skill level 13 in Ice Magic
  7978 | D:7      | Slain by a yak

Illustrated notes

Levels and vault maps discovered:
D:1:      arrival_zaba_pyramid, layout_basic,
          shapermc_ecumenical_altar_mp_urbaneastern, serial_shops,
          nicolae_diamond_shop
D:2:      layout_basic, serial_shops, nicolae_shop_advertising_works
          [nicolae_subvault_shop_adworks], kennysheep_generic_room_8, uniq_robin
D:3:      layout_loops_ring, dk_yredelemnul_ordeal
D:4:      dreamdust_elfheim, layout_basic, nicolae_ru_sacrificial_ziggurat,
          minmay_temple_entry_statues, uniq_crazy_yiuf_cottage, uniq_sigmund,
          uniq_menkaure, uniq_grinder
D:5:      layout_gridville, mainiacjoe_overflow_boulevard,
          hangedman_abyss_or_decor_slice, hangedman_decor_lopped,
          minmay_misc_feat_alley
D:6:      layout_basic, kennysheep_mini, dancing_weapons_uskayaw, uniq_pikel
D:7:      layout_gridville
D:8:      gammafunk_corrupted_shrine, layout_layer_cave, uniq_joseph
Temple:   nicolae_temple_bog_church

Skill      XL: |  1  2  3  4  5  6  7  8  9 |
---------------+----------------------------+-----
Ice Magic      | 5 6 7 8 10 12 13 | 13.1
Fighting       | 3 |  3.4
Polearms       | 3 |  3.1
Dodging        | 3 |  3.4
Spellcasting   | 3 |  3.6
Stealth        | |  1.7

Action                     |  1- 3 |  4- 6 |  7- 9 || total
---------------------------+-------+-------+-------++-------
  Melee: Unarmed           |     2 |       |       ||     2
         Tailslap          |    14 |    12 |    13 ||    39
         Dagger            |    60 |   100 |    42 ||   202
         Punch             |       |       |     3 ||     3
         Scythe            |       |       |    73 ||    73
   Fire: Sling             |       |       |     3 ||     3
   Cast: Freeze            |    34 |    31 |       ||    65
         Frozen Ramparts   |       |     4 |     6 ||    10
         Ozocubu's Armour  |       |       |     2 ||     2
 Invoke: Ancestor Life: Kn |       |       |     1 ||     1
Ability: Breathe Steam     |       |       |     4 ||     4
    Use: Potion            |     1 |     2 |     3 ||     6
         Scroll            |       |     2 |    11 ||    13
   Stab: Sleeping          |     1 |     4 |     2 ||     7
 Armour: Skin              |    23 |    40 |    59 ||   122
  Dodge: Dodged            |    59 |    68 |    93 ||   220
